cohdb
Replays
Latest Replays
All Replays
Popular Replays
Top Player Replays
Match Explorer
How It Works
Community
CoH3 Stats
Reddit
Sign in to upload your games and track your stats! →
Sign in with Steam
Match 43672024
Unlisted
Match 43672024
Overview
Messages
Build Orders
End
Pioneer Squad
Construct Infanterie Kompanie
Grenadier Squad
Grenadier Squad
Selects Breakthrough Battlegroup
Selects Assault Grenadiers
Grenadier Squad
Infanterie Officer Quarters
Construct Panzergrenadier Kompanie
Selects Rapid Production
Pak 40 Anti-tank Gun Team
Panzergrenadier Squad
Support Elements
Panzergrenadier Squad
StuG III G Assault Gun
Selects Smoke Bombing Run
Selects Mechanized Assault Group
Mechanized Assault Group
StuG III G Assault Gun
Selects Blitzkrieg
StuG III G Assault Gun
Grenadier Squad
Pioneer Squad
Side Skirts
MG 42 Bunker
Selects Tiger Heavy Tank
MG 42 Bunker
Tiger Heavy Tank
Pupu Mr. Panda
只愛❤毛妹
0
0
Comments
sign in to comment!
No comments posted yet!